 Dungeon Crawl Stone Soup version 0.27-a0-1565-gad902ab807 (webtiles) character file.

Game seed: 1278043060847534772

1494 gruber the Basher (level 8, 0/70 HPs)
             Began as a Minotaur Fighter on July 17, 2021.
             Was a Follower of Jiyva.
             Slain by a two-headed ogre (10 damage)
             ... on level 7 of the Dungeon.
             The game lasted 00:04:28 (5014 turns).

gruber the Basher (Minotaur Fighter)                Turns: 5014, Time: 00:04:28

Health: 0/70       AC:  9    Str: 22    XL:     8   Next: 51%
Magic:  7/7        EV:  8    Int:  5    God:    Jiyva [*.....]
Gold:   233        SH: 10    Dex: 11    Spells: 7/7 levels left

rFire    + . .     SeeInvis .   a - +0 flail
rCold    . . .     Faith    .   c - +0 kite shield
rNeg     . . .     Spirit   .   b - +0 scale mail
rPois    .         Reflect  .   (helmet restricted)
rElec    .         Harm     .   j - +0 cloak
rCorr    .         Rampage  .   (no gloves)
Will     +....                  (no boots)
Stlth    ..........             e - amulet of regeneration
HPRegen  1.21/turn              q - ring of willpower
MPRegen  0.10/turn              v - ring of protection from fire

@: no status effects
A: horns 2, retaliatory headbutt
a: Renounce Religion, Request Jelly


You were on level 7 of the Dungeon.
You worshipped Jiyva.
Jiyva was aware of your devotion.
You visited 2 branches of the dungeon, and saw 8 of its levels.
You also visited: Sewer.

You collected 233 gold pieces.

Inventory:

Hand Weapons
 a - a +0 flail (weapon)
Armour
 b - a +0 scale mail (worn)
 c - a +0 kite shield (worn)
 j - a +0 cloak (worn)
Jewellery
 e - an amulet of regeneration (around neck)
 q - a ring of willpower (left hand)
 v - a ring of protection from fire (right hand)
 w - an amulet of magic regeneration
Wands
 y - a wand of digging (5)
Scrolls
 f - 2 scrolls of identify {unknown}
 g - 2 scrolls of enchant armour {unknown}
 i - 2 scrolls of noise {unknown}
 k - a scroll of fear {unknown}
 r - a scroll of magic mapping {unknown}
 s - 3 scrolls of vulnerability {unknown}
 t - a scroll of fog {unknown}
 u - a scroll of summoning {unknown}
 z - a scroll of teleportation {unknown}
 A - a scroll of silence {unknown}
Potions
 d - 5 potions of might
 h - 3 potions of curing {unknown}
 l - a potion of cancellation {unknown}
 m - a potion of resistance {unknown}
 n - 3 potions of heal wounds {unknown}
 o - a potion of brilliance {unknown}
 p - 2 potions of invisibility {unknown}
 x - a potion of haste


   Skills:
 + Level 6.2 Fighting
 - Level 9.1 Maces & Flails
 + Level 7.0 Armour
 + Level 2.0 Dodging
 + Level 5.4 Shields


You had 7 spell levels left.
You didn't know any spells.
Your spell library was empty.

Dungeon Overview and Level Annotations

Branches:
Dungeon (7/15)             Temple (1/1) D:4           Sewer (visited)

Altars:
Fedhas
Gozag
Kikubaaqudgha
Makhleb
Okawaru
Qazlal
Sif Muna
Trog
Uskayaw
Vehumet
Wu Jian
Xom
Jiyva

Shops:
D:6 (

Annotations:
D:6 2 transporters, Sassenached's ghost, novice DsWn


Innate Abilities, Weirdness & Mutations

You have a pair of horns on your head.
You reflexively headbutt those who attack you in melee.


Message History

You sock the two-headed ogre! You headbutt the two-headed ogre.
The two-headed ogre is lightly wounded.
You hear a howl!
You block the two-headed ogre's attack.
The two-headed ogre hits you with a +0 giant spiked club!!
You thump the two-headed ogre!
The two-headed ogre is heavily wounded.
The two-headed ogre hits you with a +0 giant club!
You block the two-headed ogre's attack.
You hit the two-headed ogre.
The two-headed ogre is heavily wounded.
The two-headed ogre closely misses you.
The two-headed ogre completely misses you.
You hit the two-headed ogre.
The two-headed ogre is heavily wounded.
The two-headed ogre hits you with a +0 giant club.
The two-headed ogre hits you with a +0 giant spiked club!
You are too injured to fight recklessly!
You are too injured to fight recklessly!
Okay, then.
There is a stone staircase leading down here.
An orc comes into view. It is wielding a +0 club.
The orc shouts!
The orc hits you with a +0 club.
You sock the orc!
You kill the orc!
You block the two-headed ogre's attack. x2
You hit the two-headed ogre but do no damage.
The two-headed ogre is moderately wounded.
The two-headed ogre hits you with a +0 giant club!
The two-headed ogre hits you with a +0 giant spiked club!
You hit the two-headed ogre but do no damage.
The two-headed ogre is moderately wounded.
A gnoll comes into view. It is wielding a +0 spear.
You sock the two-headed ogre!
The two-headed ogre is heavily wounded.
The two-headed ogre hits you with a +0 giant club!!
* * * LOW HITPOINT WARNING * * *
The two-headed ogre hits you with a +0 giant spiked club!
You die...

..#####.# .....#.# ....#.#
#..#.# #..#.#####
#........##########
#...<###.....)....#
########.g..############.#
.........>..gggO@)...# #.#
########...#########.# #.#
# #.......... #( #.# #
#.########. #. #.# #
#........ #.###.#### #
######### #.#......# #
#.#.#.#.## # #.#<#.#.# #
#.##....##


You could see a two-headed ogre, a gnoll shaman and 3 gnolls.

Vanquished Creatures
  A wyvern (D:5)
  A steam dragon (D:6)
  An orc warrior (D:7)
  3 centaurs
  3 ogres (D:5)
  A phantom (D:4)
  3 scorpions
  A bullfrog (D:6)
  2 howler monkeys
  A centaur zombie (D:5)
  A jelly (D:4)
  A hound (D:5)
  2 iguanas (D:6)
  A hound skeleton (D:4)
  4 adders
  3 gnolls (D:4)
  2 white imps (D:6)
  An ufetubus (D:5)
  2 adder skeletons (D:4)
  A worm (D:2)
  6 dart slugs
  8 orcs
  8 ball pythons
  2 bats
  5 endoplasms
  5 giant cockroaches
  8 goblins
  7 hobgoblins
  19 jackals
  12 kobolds
  A quokka (D:3)
  11 frilled lizards
  5 rats
132 creatures vanquished.

Vanquished Creatures (others)
  A water moccasin skeleton (D:6)
  5 jellies
  An orc priest (D:6)
  A centaur skeleton (D:5)
  An iguana (D:6)
  A howler monkey skeleton (D:5)
  2 adders (D:6)
  An adder skeleton (D:5)
  An orc (D:6)
  10 plants (Sewer)
24 creatures vanquished.

Grand Total: 156 creatures vanquished

Notes
Turn   | Place    | Note
-------+----------+-------------------------------------------
     0 | D:1      | gruber the Minotaur Fighter began the quest for the Orb.
     0 | D:1      | Reached XP level 1. HP: 19/19 MP: 0/0
   136 | D:1      | Reached skill level 3 in Maces & Flails
   147 | D:1      | Reached XP level 2. HP: 19/26 MP: 1/1
   428 | D:1      | Reached skill level 4 in Maces & Flails
   644 | D:1      | Reached XP level 3. HP: 31/31 MP: 2/2
  1122 | D:2      | You fall into a shaft and drop 1 floor!
  1122 | D:3      | Found a glowing drain.
  1161 | Sewer    | Entered a sewer
  1185 | Sewer    | Reached skill level 5 in Maces & Flails
  1316 | Sewer    | Reached XP level 4. HP: 39/39 MP: 3/3
  1923 | D:3      | Noticed a centaur
  1934 | D:3      | Killed a centaur
  1935 | D:3      | Reached skill level 6 in Maces & Flails
  1935 | D:3      | Reached XP level 5. HP: 45/45 MP: 4/4
  2096 | D:3      | Reached skill level 7 in Maces & Flails
  2116 | D:3      | Found an opulent altar of Gozag.
  2218 | D:4      | Reached XP level 6. HP: 42/51 MP: 5/5
  2237 | D:4      | Reached skill level 8 in Maces & Flails
  2556 | D:4      | Reached skill level 9 in Maces & Flails
  2736 | D:4      | Found a staircase to the Ecumenical Temple.
  2885 | Temple   | Entered the Ecumenical Temple
  3044 | Temple   | Became a worshipper of Jiyva Jovurutz the Shapeless
  3132 | D:5      | Entered Level 5 of the Dungeon
  3157 | D:5      | Noticed a wyvern
  3162 | D:5      | Killed a wyvern
  3163 | D:5      | Reached XP level 7. HP: 34/59 MP: 6/6
  3227 | D:5      | Reached skill level 5 in Armour
  3230 | D:5      | Reached skill level 1 in Dodging
  3266 | D:5      | Reached skill level 5 in Fighting
  3439 | D:5      | Found a bloodstained altar of Trog.
  3753 | D:5      | Found a blossoming altar of Fedhas.
  3763 | D:5      | Reached XP level 8. HP: 68/68 MP: 7/7
  4044 | D:6      | Noticed Sassenached's ghost (novice DsWn)
  4075 | D:6      | Found a transporter.
  4106 | D:6      | Reached skill level 5 in Shields
  4154 | D:6      | Reached * piety under Jiyva
  4234 | D:6      | Found a transporter.
  4491 | D:6      | Found Denusah's Weapon Boutique.
  4978 | D:7      | Noticed a two-headed ogre
  5014 | D:7      | Slain by a two-headed ogre

Illustrated notes

Levels and vault maps discovered:
D:1:      psy_arrival_spokes, layout_loops_ring, minmay_splitting_lines
D:2:      layout_basic, hellmonk_ecumenical_altar_heavens_door, kennysheep_nub,
          minmay_snake_closets
D:3:      layout_rooms, grunt_gozag_statues, gup_sewer_entry_glass,
          grunt_ministairs_8
D:4:      layout_rooms, lemuel_temple_firewalk_b, fountainhead, minivault_19,
          hex_large, wad_floor_pattern_2
D:5:      layout_loops_ring, kennysheep_mini_moat, fedhas_altar_fruit_tree,
          minmay_crystal_room, grunt_ministairs_12
D:6:      layout_layer_cave, serial_shops, shop, gammafunk_ghost_arena
D:7:      minmay_the_grid_square_5x5_3x3 [minmay_the_grid_square_5x5_n,
          minmay_the_grid_square_5x5_half_checkered,
          minmay_the_grid_square_5x5_hollow_slash,
          minmay_the_grid_square_5x5_shrine1,
          minmay_the_grid_square_5x5_megaprize_crossed,
          minmay_the_grid_square_5x5_minibox,
          minmay_the_grid_square_5x5_tri_point, minmay_the_grid_square_5x5_c,
          minmay_the_grid_square_5x5_checkered_statues], layout_basic,
          cheibriados_altar_1, marbit_many_paths, tso_metal_star,
          chequers_serial_rivers_micro_d
Temple:   pf_slime_end_temple

Skill      XL: |  1  2  3  4  5  6  7  8 |
---------------+-------------------------+-----
Maces & Flails | 3 4 5 6 7 9 |  9.1
Fighting       | 4 5 6 |  6.2
Armour         | 4 5 7 |  7.0
Shields        | 4 5 |  5.4
Dodging        | 1 2 |  2.0

Action                   |  1- 3 |  4- 6 |  7- 9 || total
-------------------------+-------+-------+-------++-------
Melee: Flail             |    92 |   155 |    88 ||   335
       Headbutt          |    14 |    31 |    21 ||    66
Armor: Scale mail        |    48 |    64 |    34 ||   146
Dodge: Dodged            |    28 |    53 |    23 ||   104
Block: Kite shield       |    46 |    75 |    36 ||   157

Table legend: (Time is in decaauts)
 A = Elapsed time spent in this place.
 B = Non-inter-level travel time spent in this place.
 C = Inter-level travel time spent in this place.
 D = Time resting spent in this place.
 E = Time spent auto-exploring this place.
 F = Levels seen in this place.
 G = Mean time per level.
                   A        B        C        D        E       F      G
               +--------+--------+--------+--------+--------+-----+--------+
         Total |   5263 |   5080 |    183 |      0 |   4112 |   9 |  584.8 |
       Dungeon |   4285 |   4136 |    149 |      0 |   3467 |   7 |  612.1 |
        Temple |    175 |    141 |     34 |      0 |    140 |   1 |  175.0 |
         Sewer |    802 |    802 |      0 |      0 |    505 |   1 |  802.0 |
               +--------+--------+--------+--------+--------+-----+--------+

Top non-repeatable levels by time:
     D:6: 1066 daAuts
     D:1: 890 daAuts
   Sewer: 802 daAuts
     D:4: 773 daAuts
     D:5: 670 daAuts
     D:3: 470 daAuts
     D:2: 256 daAuts
  Temple: 175 daAuts
     D:7: 157 daAuts
